 Dungeon Crawl Stone Soup version bcrawl-1.29.2 (console) character file.

Game seed: 15092935450024132915

406873 GodsVoicemail the Archer (level 12, -5/101 HPs)
             Began as a Centaur Hunter on Feb 25, 2021.
             Was a High Priest of Okawaru.
             Slain by Jorgrun
             ... wielding a +0 quarterstaff of crushing
              (13 damage)
             ... on level 11 of the Dungeon.
             The game lasted 01:17:31 (13412 turns).

GodsVoicemail the Archer (Centaur Hunter)          Turns: 13412, Time: 01:17:32

Health: -5/101     AC: 14    Str: 21    XL:     12   Next: 53%
Magic:  0/17       EV:  9    Int: 11    God:    Okawaru [*****.]
Gold:   1087       SH:  0    Dex: 12    Spells: 1/15 levels left

rFire    x . .     SeeInvis +   I - +9 shortbow {venom, rElec rPois rF- rN++}
rCold    . . .     Gourm    .   (shield currently unavailable)
rNeg     + + .     Faith    .   f - +0 scale mail
rPois    +         Spirit   +   (no helmet)
rElec    +         Reflect  .   v - +0 cloak {+Inv}
rCorr    .         Harm     .   l - +0 pair of gloves
MR       .....                  h - +0 barding
Stlth    +.........             Q - amulet of guardian spirit
HPRegen  0.26/turn              P - ring of Light {rElec rPois Str+3 Dex-2 SInv}
MPRegen  0.15/turn              u - +3 ring of evasion

@: heroism, grasped by roots, constricted, very quick
A: large, hooves 3, deformed body, herbivore, speed 2, tough skin 3
a: Heroism, Finesse, Renounce Religion, Evoke Invisibility


You were on level 11 of the Dungeon.
You worshipped Okawaru.
Okawaru was extremely pleased with you.
You were hungry.

You visited 4 branches of the dungeon, and saw 14 of its levels.
You also visited: Sewer and Bailey.

You collected 1651 gold pieces.
You spent 564 gold pieces at shops.

Inventory:

Hand Weapons
 b - a +2 shortbow
 w - a +0 hunting sling
 I - the +9 shortbow "Etrug" (weapon) {venom, rElec rPois rF- rN++}
   (You took it off a gnoll sergeant in a bailey)

   It poisons the ammo it fires.
   It makes you vulnerable to fire.
   It insulates you from electricity.
   It protects you from poison.
   It greatly protects you from negative energy.
Missiles
 d - 1752 arrows (quivered)
 j - 3181 stones
 k - 107 poisoned needles
 x - 770 bolts
 E - 7 throwing nets {=f}
 G - 44 needles of confusion
 Y - 381 sling bullets
 Z - 42 poisoned tomahawks
Armour
 f - a +0 scale mail (worn)
 h - a +0 barding (worn)
 l - a +0 pair of gloves (worn)
 v - a +0 cloak of invisibility (worn)
 S - a +0 troll leather armour
 X - the cursed +0 robe of Lunwen {Regen+ MP+9}
   (You found it on level 1 of the Lair of Beasts)

   It affects your magic capacity (+9).
   It increases your rate of regeneration.
   It has a curse placed upon it.
Jewellery
 c - the ring of Jilawk {+Fly Dex+4}
   (You found it on level 10 of the Dungeon)

   [ring of flight]

   It affects your dexterity (+4).
   It lets you fly.
 s - an uncursed ring of resist corrosion
 t - an uncursed ring of protection from magic
 u - a +3 ring of evasion (right hand)
 B - an uncursed amulet of regeneration
 P - the ring of Light (left hand) {rElec rPois Str+3 Dex-2 SInv}
   (You bought it in a shop on level 9 of the Dungeon)

   [ring of poison resistance]

   It affects your strength (+3).
   It affects your dexterity (-2).
   It insulates you from electricity.
   It protects you from poison.
   It lets you see invisible.
 Q - an amulet of guardian spirit (around neck)
Wands
 g - a wand of digging (3)
 N - a wand of flame (59)
 T - a wand of disintegration (6)
 W - a wand of polymorph (14)
Scrolls
 i - 2 scrolls of identify
 m - a scroll of noise
 n - 2 scrolls of blinking {unknown}
 o - a scroll of teleportation
 C - 3 scrolls of vulnerability
 F - a scroll of immolation
 H - 3 scrolls of remove curse
 K - a scroll of fear
 M - a scroll of enchant weapon {unknown}
 O - 2 scrolls of amnesia
 R - 2 scrolls of fog {unknown}
Potions
 a - a potion of agility
 p - 2 potions of curing
 q - a potion of cancellation
 r - 3 potions of haste {unknown}
 y - a potion of mutation
 z - 3 potions of heal wounds
 A - a potion of might
 D - 4 potions of brilliance
 J - a potion of lignification
 L - 2 potions of ambrosia
Miscellaneous
 V - a phial of floods
Comestibles
 e - 14 rations {!d}


   Skills:
 - Level 8.1(13.1) Fighting
 * Level 14.5(19.5) Bows
 + Level 1.2(6.2) Throwing
 + Level 2.7(7.7) Dodging
 - Level 0.5(5.5) Stealth
 * Level 12.1(17.1) Unarmed Combat
 * Level 2.4 Spellcasting
 - Level 2.0 Translocations
 - Level 3.5 Transmutations
 + Level 1.3 Air Magic
 + Level 7.0 Invocations
 - Level 6.1 Evocations


You had one spell level left.
You knew the following spells:

 Your Spells              Type           Power        Failure   Level  Hunger
a - Blink                 Tloc           N/A          43%         2    ##.....
b - Mephitic Cloud        Conj/Pois/Air  #.......     88%         3    ####...
c - Passwall              Tmut/Erth      #.......     47%         2    ##.....
d - Blade Hands           Tmut           #.........   99%         5    #######
e - Apportation           Tloc           #.....       32%         1    None
f - Summon Butterflies    Summ           #.......     58%         1    None

Your spell library contained the following spells:

 Spells                   Type           Power        Failure   Level  Hunger
 Beastly Appendage        Tmut           #.....       17%         1    None
 Corona                   Hex            #......      58%         1    None
 Infusion                 Chrm           #.......     58%         1    None
 Magic Dart               Conj           #...         58%         1    None
 Sandblast                Erth           #.....       58%         1    None
 Slow                     Hex            #.......     58%         1    None
 Sticks to Snakes         Tmut           #.......     26%         2    ##.....
 Spider Form              Tmut/Pois      #..          71%         3    ####...
 Call Imp                 Summ           #.....       73%         2    ##.....
 Ensorcelled Hibernation  Hex/Ice        #.....       73%         2    ##.....
 Shackle                  Hex            #.......     73%         2    ##.....
 Confuse                  Hex            #.......     91%         3    ####...
 Conjure Flame            Conj/Fire      #.......     91%         3    ####...
 Dazzling Orbs            Conj/Hex       #......      91%         3    ####...
 Tukima's Dance           Hex            #.......     91%         3    ####...
 Ice Form                 Ice/Tmut       #.......     98%         4    ######.
 Cause Fear               Hex            #.........   100%        4    ######.
 Silence                  Hex/Air        #.........   100%        5    #######
 Bolt of Cold             Conj/Ice       #.........   100%        6    #######
 Icicle Burst             Conj/Ice       #.........   100%        7    #######


Dungeon Overview and Level Annotations

Branches:
Dungeon (11/12)            Temple (1/1) D:4            Lair (1/6) D:7
    Orc (1/1) D:8
    Elf: Orc:1       Vaults: D:11-12

Altars:
Ashenzari
Cheibriados
Dithmenos
Elyvilon
Fedhas
Gozag
Hepliaklqana
Kikubaaqudgha
Lugonu
Makhleb
Nemelex Xobeh
Okawaru
Qazlal
Ru
Sif Muna
Trog
Uskayaw
Vehumet
Wu Jian
Xom
Yredelemnul
Zin
The Shining One
Beogh
Jiyva

Shops:
D:6 =   D:8 [   D:9 =

Portals:
Trove: D:11 (give +3 fire dragon scales)

Annotations:
D:7 2 transporters, exclusions: Joseph, downstairs and 2 more exclusions
D:8 exclusions: downstairs and upstairs
D:9 exclusion: downstairs
D:10 3 runed translucent doors, barb4r1an's ghost, novice DjRe
D:11 exclusion: obsidian statue, Jorgrun
Lair:1 Grum; Sonja Orc exclusion: sun demon


Innate Abilities, Weirdness & Mutations

You have hooves in place of feet.
Armour fits poorly on your strangely shaped body.
You are a herbivore.
You cover ground very quickly.
You have extremely tough skin. (AC +3)


Message History

The grasping roots grab you!
* * * LOW HITPOINT WARNING * * *
The grasping roots constrict you!
Really attack while wielding the +9 shortbow "Etrug" {venom, rElec rPois rF- rN++}?
Okay, then.
Press: ? - help, v - describe, . - travel
Here: Jorgrun, wielding a +0 quarterstaff of crushing and wearing a +0 robe (severely wounded)
You feel much better.
The bullfrog hits you but does no damage.
The earth elemental hits you! The bullfrog closely misses you.
* * * LOW HITPOINT WARNING * * *
The grasping roots constrict you! The earth elemental hits you!
* * * LOW HITPOINT WARNING * * *
Okay, then.
You feel much better. The bullfrog hits you!
* * * LOW HITPOINT WARNING * * *
The earth elemental hits you!
* * * LOW HITPOINT WARNING * * *
The earth elemental barely misses you.
You die...

.## #............# .#
#............# ##
#..W.........#
##W########### #.z.### #
###...# ########### ###.#
........E.########.#######
.......gE@E..##........##.
........FE.#..............
........E.#####........##.
..........# #........###
$........## #........#
...>.....# ##########
##########


You could see Jorgrun, 5 earth elementals and a bullfrog.

Vanquished Creatures
  Josephine (D:11)
  A hydra (D:10)
  3 two-headed ogres
  4 ugly things (D:10)
  A deep elf mage (D:10)
  A centaur zombie (D:11)
  Joseph (D:7)
  2 black mambas (Lair:1)
  3 cane toads (Lair:1)
  A troll (D:10)
  A hornet (D:9)
  A meliai zombie (D:10)
  3 blink frogs
  2 slime creatures (D:10)
  8 hippogriffs
  A centaur simulacrum (D:9)
  3 shadows
  19 yaks
  3 wraiths (D:10)
  3 basilisks
  A hungry ghost (D:5)
  5 crocodiles
  4 porcupines
  2 water moccasins
  2 ice beasts
  2 orc warriors (D:8)
  A black bear (D:7)
  4 phantoms
  A sky beast (D:6)
  5 ogres
  2 centaurs
  4 wolves (D:7)
  7 bullfrogs
  A big kobold (D:10)
  8 gnoll sergeants (Bailey)
  2 scorpions
  3 killer bees (D:8)
  7 wights
  2 howler monkeys
  8 crimson imps
  5 hounds
  4 orc priests
  Crazy Yiuf (D:2)
  4 orc wizards
  3 centaur skeletons
  6 gnoll shamans (Bailey)
  3 iguanas
  3 worker ants
  A hound skeleton (D:10)
  20 gnolls
  A worker ant zombie (D:6)
  8 adders
  A howler monkey skeleton (D:8)
  13 river rats (Sewer)
  4 oozes
  An adder skeleton (D:6)
  5 worms
  5 dart slugs
  9 leopard geckos
  35 orcs
  6 ball pythons
  3 bats
  2 giant cockroaches (D:4)
  6 goblins
  6 hobgoblins
  22 jackals
  7 quokkas
  5 frilled lizards
  24 kobolds
  18 rats
364 creatures vanquished.

Notes
Turn   | Place    | Note
-------+----------+-------------------------------------------
     0 | D:1      | GodsVoicemail the Centaur Hunter began the quest for the
                  | Orb.
     0 | D:1      | Reached XP level 1. HP: 17/17 MP: 1/1
   303 | D:1      | Reached skill level 1 in Unarmed Combat
   345 | D:1      | Reached XP level 2. HP: 24/24 MP: 2/2
   674 | D:1      | Reached skill level 6 in Bows
   683 | D:1      | Reached XP level 3. HP: 23/29 MP: 3/3
  1417 | D:2      | Found a burning altar of Makhleb.
  1419 | D:2      | Noticed an Executioner
  1423 | D:2      | Noticed an orange demon
  1423 | D:2      | Noticed an orange demon
  1488 | D:2      | Found a runed door.
  1722 | D:2      | Found a basalt altar of Yredelemnul.
  1726 | D:2      | Reached XP level 4. HP: 36/36 MP: 4/4
  1860 | D:2      | Noticed Crazy Yiuf
  1889 | D:2      | Killed Crazy Yiuf
  2329 | D:3      | Reached skill level 7 in Bows
  2329 | D:3      | Reached XP level 5. HP: 38/41 MP: 5/5
  2606 | D:3      | Found a faded altar of an unknown god.
  2987 | D:4      | Found a glowing drain.
  3011 | Sewer    | Entered a sewer
  3338 | Sewer    | Reached XP level 6. HP: 48/48 MP: 6/6
  3506 | Sewer    | Reached skill level 8 in Bows
  3983 | D:4      | Found a staircase to the Ecumenical Temple.
  4000 | D:4      | Learned a level 2 spell: Blink
  4004 | D:4      | Learned a level 3 spell: Mephitic Cloud
  4277 | D:4      | Reached skill level 5 in Unarmed Combat
  4277 | D:4      | Reached XP level 7. HP: 38/56 MP: 7/7
  4476 | Temple   | Entered the Ecumenical Temple
  4666 | Temple   | Became a worshipper of Warmaster Okawaru
  4898 | D:5      | Entered Level 5 of the Dungeon
  4999 | D:5      | Noticed a hungry ghost
  5120 | D:5      | Killed a hungry ghost
  5121 | D:5      | Reached skill level 9 in Bows
  5789 | D:6      | Found Reott's Jewellery Shop.
  5789 | D:6      | Noticed a hippogriff
  5854 | D:6      | Reached XP level 8. HP: 66/66 MP: 8/8
  5876 | D:6      | Noticed a hippogriff
  5876 | D:6      | Noticed a two-headed ogre
  5934 | D:6      | Killed a hippogriff
  5934 | D:6      | Reached * piety under Okawaru
  5935 | D:6      | Reached skill level 10 in Bows
  6108 | D:6      | Killed a hippogriff
  6264 | D:6      | Reached skill level 11 in Bows
  6422 | D:6      | Reached ** piety under Okawaru
  6500 | D:6      | Reached skill level 5 in Fighting
  6686 | D:6      | Killed a two-headed ogre
  6686 | D:6      | Reached *** piety under Okawaru
  6687 | D:6      | Reached XP level 9. HP: 74/74 MP: 9/9
  6906 | D:7      | Found a transporter.
  6909 | D:7      | Found a roughly hewn altar of Beogh.
  6909 | D:7      | Found a transporter.
  6984 | D:7      | Received a gift from Okawaru
  7177 | D:8      | Reached skill level 1 in Invocations
  7188 | D:8      | Found Zotroudine's Armour Boutique.
  7237 | D:8      | Reached skill level 12 in Bows
  7237 | D:8      | Reached skill level 1 in Translocations
  7237 | D:8      | Reached skill level 1 in Evocations
  7242 | D:8      | Reached skill level 1 in Spellcasting
  7330 | D:8      | Reached **** piety under Okawaru
  7384 | D:8      | Reached XP level 10. HP: 71/81 MP: 11/11
  7395 | D:8      | Found a staircase to the Orcish Mines.
  7420 | D:8      | Found a flagged portal.
  7442 | D:8      | Received a gift from Okawaru
  7476 | Bailey   | Entered a bailey
  7689 | Bailey   | Received a gift from Okawaru
  7966 | Bailey   | Identified the +9 shortbow "Etrug" {venom, rElec rPois rF-
                  | rN++}
  8047 | Bailey   | Identified the Grimoire of Ensnaring Cold
  8175 | D:8      | Learned a level 2 spell: Passwall
  8335 | D:8      | Received a gift from Okawaru
  8336 | D:8      | Reached skill level 13 in Bows
  8569 | D:7      | Found a staircase to the Lair.
  8701 | D:8      | Reached skill level 1 in Transmutations
  9080 | D:7      | Noticed Joseph
  9179 | D:7      | Reached skill level 10 in Unarmed Combat
  9199 | D:7      | Reached ***** piety under Okawaru
  9292 | D:7      | Received a gift from Okawaru
  9400 | Lair:1   | Entered Level 1 of the Lair of Beasts
  9400 | Lair:1   | Noticed a cane toad
  9481 | D:9      | Found Qaxki's Jewellery Boutique.
  9497 | D:9      | Bought the ring of Light {rElec rPois Str+3 Dex-2 SInv} for
                  | 564 gold pieces
  9539 | D:8      | Reached XP level 11. HP: 72/89 MP: 11/14
  9881 | D:9      | Received a gift from Okawaru
  9972 | D:10     | Entered Level 10 of the Dungeon
  9975 | D:10     | Noticed Josephine
 10116 | D:10     | Found a runed translucent gate.
 10116 | D:10     | Found a runed translucent gate.
 10117 | D:10     | Found a runed translucent gate.
 10119 | D:10     | Found a viscous altar of Jiyva.
 10119 | D:10     | Noticed barb4r1an's ghost (novice DjRe)
 10195 | D:10     | Noticed a cyan ugly thing
 10209 | D:10     | Killed a cyan ugly thing
 10209 | D:10     | Received a gift from Okawaru
 10210 | D:10     | Reached skill level 14 in Bows
 10227 | D:10     | Reached skill level 5 in Invocations
 10459 | D:10     | Got a slimy lapis lazuli ring
 10461 | D:10     | Identified the ring of Jilawk {+Fly Dex+4} (You found it on
                  | level 10 of the Dungeon)
 10540 | D:10     | Noticed a two-headed ogre
 10554 | D:10     | Killed a two-headed ogre
 10635 | D:10     | Noticed a white ugly thing
 10635 | D:10     | Noticed a four-headed hydra
 10674 | D:10     | Killed a four-headed hydra
 10674 | D:10     | Received a gift from Okawaru
 10758 | D:10     | Killed a white ugly thing
 10876 | D:10     | Noticed a deep elf mage
 10876 | D:10     | Noticed a brown ugly thing
 10959 | D:10     | Killed a brown ugly thing
 10972 | D:10     | Killed a deep elf mage
 11083 | D:10     | Noticed a two-headed ogre
 11118 | D:10     | Killed a two-headed ogre
 11351 | D:11     | Noticed a red ugly thing
 11482 | Lair:1   | Reached XP level 12. HP: 79/101 MP: 9/16
 11556 | Lair:1   | Reached skill level 5 in Evocations
 11627 | Lair:1   | Got a crystal falchion
 11641 | Lair:1   | Got a silken robe
 11643 | Lair:1   | Identified the cursed +0 robe of Lunwen {Regen+ MP+9} (You
                  | found it on level 1 of the Lair of Beasts)
 11650 | Lair:1   | Learned a level 5 spell: Blade Hands
 11893 | D:7      | Killed Joseph
 12277 | Lair:1   | Noticed Grum
 12277 | Lair:1   | Noticed Sonja
 12543 | Orc      | Entered the Orcish Mines
 12569 | D:8      | Received a gift from Okawaru
 12898 | D:11     | Noticed a tengu warrior
 12971 | D:11     | Found a portal to a secret trove of treasure.
 13100 | D:11     | Learned a level 1 spell: Apportation
 13102 | D:11     | Learned a level 1 spell: Summon Butterflies
 13226 | D:11     | Killed Josephine
 13227 | D:11     | Reached skill level 1 in Throwing
 13227 | D:11     | Reached skill level 1 in Air Magic
 13394 | D:11     | Noticed Jorgrun
 13412 | D:11     | Slain by Jorgrun

Skill      XL: |  1  2  3  4  5  6  7  8  9 10 11 12 |
---------------+-------------------------------------+-----
Unarmed Combat | 1 2 3 4 5 6 8 9 10 11 12 | 12.1
Bows           | 6 7 8 9 11 12 13 14 | 14.5
Fighting       | 3 5 6 7 8 |  8.1
Invocations    | 2 4 6 7 |  7.0
Translocations | 2 |  2.0
Evocations     | 2 4 6 |  6.1
Spellcasting   | 1 2 |  2.4
Dodging        | 2 |  2.7
Transmutations | 2 3 |  3.5
Throwing       | 1 |  1.2
Air Magic      | 1 |  1.3
Stealth        | |  0.5

Action                   |  1- 3 |  4- 6 |  7- 9 | 10-12 || total
-------------------------+-------+-------+-------+-------++-------
Melee: Short sword       |   123 |       |       |       ||   123
       Kick              |    33 |    74 |    56 |   125 ||   288
       Unarmed           |    23 |   297 |   206 |   458 ||   984
       Punch             |       |     5 |     6 |    22 ||    33
 Fire: Shortbow          |       |    28 |   109 |   395 ||   532
       Hunting sling     |       |       |       |     4 ||     4
Throw: Stone             |     1 |    34 |     6 |    43 ||    84
 Cast: Apportation       |       |       |       |     2 ||     2
Invok: Heroism           |       |       |     4 |    37 ||    41
Evoke: Phantom mirror    |       |       |       |     1 ||     1
  Use: Scroll            |     1 |    10 |     4 |     9 ||    24
       Potion            |       |     1 |       |    10 ||    11
  Eat: Ration            |     1 |     4 |     4 |     9 ||    18
Armor: Leather armour    |    16 |       |       |       ||    16
       Scale mail        |    51 |   149 |    73 |   223 ||   496
Dodge: Dodged            |    43 |   113 |    62 |   287 ||   505
